TOP OF THE 1ST |
Chicago (WIN) White Sox batting - Pitching for Miami (WIN) Marlins : RHP Chris Nickerson
|
Pitching: RHP Chris Nickerson
|
|
Batting: RHB Jeremy Hoffert
|
0-0: Called Strike 0-1: Fly out, F8 (Flyball, 78S, EV 79.4 MPH)
|
Batting: LHB Brandon Hopper
|
0-0: Fly out, F8 (Line Drive, 8RD, EV 105.6 MPH)
|
Batting: LHB Angel Tellez
|
0-0: Called Strike 0-1: Foul Ball, location: 2F 0-2: Ball 1-2: Ball 2-2: Fly out, F8 (Flyball, 8LM, EV 83.8 MPH)
|
Top of the 1st over - 0 runs, 0 hits, 0 errors, 0 left on base; Chicago (WIN) 0 - Miami (WIN) 0 |
BOTTOM OF THE 1ST |
Miami (WIN) Marlins batting - Pitching for Chicago (WIN) White Sox : RHP Graham Fish
|
Pitching: RHP Graham Fish
|
|
Batting: RHB Gavin Helton
|
0-0: Swinging Strike 0-1: Ball 1-1: SINGLE (Line Drive, 8RS, EV 89.4 MPH)
|
Batting: RHB Mike Gar
|
0-0: Ball Gavin Helton steals 2nd base 1-0: Swinging Strike 1-1: Ball 2-1: Foul Ball, location: 2F 2-2: Strikes out swinging
|
Batting: RHB Akira Suzuki
|
0-0: Foul Ball, location: 2F 0-1: Ball 1-1: Ground out 4-3 (Groundball, 4M, EV 101.9 MPH) Gavin Helton to third
|
Batting: RHB Rick Fell
|
0-0: Foul Ball, location: 2F 0-1: Ball 1-1: Ball 2-1: Called Strike 2-2: Foul Ball, location: 2F 2-2: Strikes out swinging
|
Bottom of the 1st over - 0 runs, 1 hit, 0 errors, 1 left on base; Chicago (WIN) 0 - Miami (WIN) 0 |
TOP OF THE 2ND |
Chicago (WIN) White Sox batting - Pitching for Miami (WIN) Marlins : RHP Chris Nickerson
|
Batting: RHB Dieter Knoops
|
0-0: Called Strike 0-1: Called Strike 0-2: Ball 1-2: SINGLE (Line Drive, 89S, EV 103.1 MPH)
|
Batting: LHB Ryan Dyal
|
0-0: Ball 1-0: Ball Dieter Knoops steals 2nd base 2-0: Called Strike 2-1: Called Strike 2-2: Foul Ball, location: 2F 2-2: Foul Ball, location: 2F 2-2: Ball 3-2: Fly out, F8 (Flyball, 78M, EV 79.4 MPH)
|
Batting: RHB Micah Brown
|
0-0: Foul Ball, location: 2F 0-1: SINGLE (Flyball, 89S, EV 93.8 MPH) Dieter Knoops to third Runner from 3rd tries for Home, SAFE, throw by RF to home
|
Batting: LHB Ryan Karg
|
0-0: Hit by Pitch Micah Brown to second
|
Batting: RHB Tony Reyna
|
0-0: Called Strike 0-1: Called Strike 0-2: Ball 1-2: Strikes out swinging
|
Batting: LHB Alberto Carrasco
|
0-0: Ball 1-0: Called Strike 1-1: Fielders Choice at 2nd, 6-4 (Groundball, 6, EV 76.9 MPH)
|
Top of the 2nd over - 1 run, 2 hits, 0 errors, 2 left on base; Chicago (WIN) 1 - Miami (WIN) 0 |
BOTTOM OF THE 2ND |
Miami (WIN) Marlins batting - Pitching for Chicago (WIN) White Sox : RHP Graham Fish
|
Batting: LHB Chris Jonas
|
0-0: Ball 1-0: Fly out, F5 (Popup, 5, EV 75.0 MPH)
|
Batting: RHB Ryuki Ogasawara
|
0-0: Ball 1-0: Ball 2-0: Ball 3-0: Called Strike 3-1: Foul Ball, location: 2F 3-2: Strikes out swinging
|
Batting: LHB Adrian Young
|
0-0: Ball 1-0: Ball 2-0: Called Strike 2-1: Fly out, F8 (Line Drive, 8RM, EV 101.3 MPH)
|
Bottom of the 2nd over - 0 runs, 0 hits, 0 errors, 0 left on base; Chicago (WIN) 1 - Miami (WIN) 0 |
TOP OF THE 3RD |
Chicago (WIN) White Sox batting - Pitching for Miami (WIN) Marlins : RHP Chris Nickerson
|
Batting: RHB Jeremy Hoffert
|
0-0: Called Strike 0-1: Ball 1-1: Called Strike 1-2: Ball 2-2: Strikes out swinging
|
Batting: LHB Brandon Hopper
|
0-0: Swinging Strike 0-1: Ball 1-1: Foul Ball, location: 2F 1-2: Ball 2-2: Strikes out swinging
|
Batting: LHB Angel Tellez
|
0-0: Fly out, F6 (Flyball, 6D, EV 88.8 MPH)
|
Top of the 3rd over - 0 runs, 0 hits, 0 errors, 0 left on base; Chicago (WIN) 1 - Miami (WIN) 0 |
BOTTOM OF THE 3RD |
Miami (WIN) Marlins batting - Pitching for Chicago (WIN) White Sox : RHP Graham Fish
|
Batting: RHB Kyle Ashton
|
0-0: Ground out 1-3 (Groundball, 34S, EV 66.9 MPH)
|
Batting: LHB Emilio Cordero
|
0-0: Ball 1-0: Foul Ball, location: 2F 1-1: Ball 2-1: Ball 3-1: Swinging Strike 3-2: Strikes out swinging
|
Batting: RHB Gavin Helton
|
0-0: Called Strike 0-1: Swinging Strike 0-2: Ball 1-2: Ball 2-2: Strikes out swinging
|
Bottom of the 3rd over - 0 runs, 0 hits, 0 errors, 0 left on base; Chicago (WIN) 1 - Miami (WIN) 0 |
TOP OF THE 4TH |
Chicago (WIN) White Sox batting - Pitching for Miami (WIN) Marlins : RHP Chris Nickerson
|
Batting: RHB Dieter Knoops
|
0-0: SINGLE (Flyball, 4D, EV 90.6 MPH)
|
Batting: LHB Ryan Dyal
|
0-0: Called Strike Dieter Knoops is caught stealing 2nd base 2-6 0-1: Ball 1-1: Foul Ball, location: 2F 1-2: Ball 2-2: Foul Ball, location: 2F 2-2: SINGLE (Line Drive, 8RS, EV 88.1 MPH)
|
Batting: RHB Micah Brown
|
0-0: Ball 1-0: Ball 2-0: Swinging Strike 2-1: DOUBLE (Groundball, 3L, EV 101.9 MPH) Ryan Dyal to third
|
Batting: LHB Ryan Karg
|
0-0: Ball 1-0: Ball 2-0: Swinging Strike 2-1: Ball 3-1: DOUBLE (Groundball, 3L, EV 103.8 MPH) Ryan Dyal scores Micah Brown scores
|
Batting: RHB Tony Reyna
|
0-0: Ball 1-0: Fly out, F4 (Popup, 4MS, EV 78.8 MPH)
|
Batting: LHB Alberto Carrasco
|
0-0: DOUBLE (Line Drive, 9LM, EV 104.4 MPH) Ryan Karg scores
|
Batting: RHB Jeremy Hoffert
|
0-0: Ball 1-0: Foul Ball, location: 2F 1-1: Ball 2-1: Fly out, F2 (Popup, 23F, EV 87.5 MPH)
|
Top of the 4th over - 3 runs, 5 hits, 0 errors, 1 left on base; Chicago (WIN) 4 - Miami (WIN) 0 |
BOTTOM OF THE 4TH |
Miami (WIN) Marlins batting - Pitching for Chicago (WIN) White Sox : RHP Graham Fish
|
Batting: RHB Mike Gar
|
0-0: Called Strike 0-1: Foul Ball, location: 2F 0-2: Ball 1-2: Strikes out swinging
|
Batting: RHB Akira Suzuki
|
0-0: Ball 1-0: Swinging Strike 1-1: Ball 2-1: Fly out, F4 (Popup, 4D, EV 43.1 MPH)
|
Batting: RHB Rick Fell
|
0-0: Ball 1-0: Fly out, F9 (Flyball, 89D, EV 100.6 MPH)
|
Bottom of the 4th over - 0 runs, 0 hits, 0 errors, 0 left on base; Chicago (WIN) 4 - Miami (WIN) 0 |
TOP OF THE 5TH |
Chicago (WIN) White Sox batting - Pitching for Miami (WIN) Marlins : RHP Chris Nickerson
|
Batting: LHB Brandon Hopper
|
0-0: Ball 1-0: Swinging Strike 1-1: Foul Ball, location: 2F 1-2: Ball 2-2: Fly out, F4 (Popup, 3S, EV 86.9 MPH)
|
Batting: LHB Angel Tellez
|
0-0: Called Strike 0-1: Called Strike 0-2: Ball 1-2: Foul Ball, location: 2F 1-2: Ball 2-2: Foul Ball, location: 2F 2-2: Foul Ball, location: 2F 2-2: Foul Ball, location: 2F 2-2: Ball 3-2: Strikes out swinging
|
Batting: RHB Dieter Knoops
|
0-0: Foul Ball, location: 2F 0-1: Ground out 6-3 (Groundball, 6, EV 110.0 MPH)
|
Top of the 5th over - 0 runs, 0 hits, 0 errors, 0 left on base; Chicago (WIN) 4 - Miami (WIN) 0 |
BOTTOM OF THE 5TH |
Miami (WIN) Marlins batting - Pitching for Chicago (WIN) White Sox : RHP Graham Fish
|
Batting: LHB Chris Jonas
|
0-0: Ball 1-0: DOUBLE (Line Drive, 78D, EV 106.9 MPH)
|
Batting: RHB Ryuki Ogasawara
|
0-0: Ball 1-0: Swinging Strike 1-1: 2-RUN HOME RUN (Flyball, 78XD, EV 103.8 MPH), Distance : 422 ft
|
Batting: LHB Adrian Young
|
0-0: Ball 1-0: Fly out, F7 (Flyball, 78M, EV 71.3 MPH)
|
Batting: RHB Kyle Ashton
|
0-0: Ball 1-0: Ball 2-0: Foul Ball, location: 2F 2-1: Ball 3-1: Fly out, F8 (Flyball, 8RM, EV 80.0 MPH)
|
Batting: LHB Emilio Cordero
|
0-0: Foul Ball, location: 2F 0-1: Called Strike 0-2: Strikes out swinging
|
Bottom of the 5th over - 2 runs, 2 hits, 0 errors, 0 left on base; Chicago (WIN) 4 - Miami (WIN) 2 |
TOP OF THE 6TH |
Chicago (WIN) White Sox batting - Pitching for Miami (WIN) Marlins : RHP Chris Nickerson
|
Batting: LHB Ryan Dyal
|
0-0: Called Strike 0-1: Foul Ball, location: 2F 0-2: Strikes out looking
|
Batting: RHB Micah Brown
|
0-0: Ball 1-0: Foul Ball, location: 2F 1-1: Ground out U3 (Groundball, 3, EV 91.3 MPH)
|
Batting: LHB Ryan Karg
|
0-0: Ball 1-0: Called Strike 1-1: SINGLE (Groundball, 4D, EV 110.6 MPH)
|
Batting: RHB Tony Reyna
|
0-0: Ball 1-0: Called Strike 1-1: Ball 2-1: Fielders Choice at 2nd, 5-4 (Groundball, 5L, EV 83.1 MPH)
|
Top of the 6th over - 0 runs, 1 hit, 0 errors, 1 left on base; Chicago (WIN) 4 - Miami (WIN) 2 |
BOTTOM OF THE 6TH |
Miami (WIN) Marlins batting - Pitching for Chicago (WIN) White Sox : RHP Graham Fish
|
Batting: RHB Gavin Helton
|
0-0: Ball 1-0: Called Strike 1-1: Ball 2-1: Foul Ball, location: 2F 2-2: Strikes out swinging
|
Batting: RHB Mike Gar
|
0-0: Ball 1-0: Swinging Strike 1-1: Ball 2-1: Foul Ball, location: 2F 2-2: Strikes out looking
|
Batting: RHB Akira Suzuki
|
0-0: Single, Error in OF, E9, batter to second base (Line Drive, 89S, EV 109.4 MPH)
|
Batting: RHB Rick Fell
|
0-0: Ball 1-0: Called Strike 1-1: Swinging Strike 1-2: Ball 2-2: Foul Ball, location: 2F 2-2: Fly out, F3 (Popup, 3SF, EV 79.4 MPH)
|
Bottom of the 6th over - 0 runs, 1 hit, 1 error, 1 left on base; Chicago (WIN) 4 - Miami (WIN) 2 |
TOP OF THE 7TH |
Chicago (WIN) White Sox batting - Pitching for Miami (WIN) Marlins : RHP Chris Nickerson
|
Pitching: LHP Jerry Woods
|
|
Batting: LHB Alberto Carrasco
|
0-0: Ball 1-0: Ball 2-0: SINGLE (Line Drive, 8LS, EV 93.8 MPH)
|
Batting: RHB Jeremy Hoffert
|
0-0: Ball 1-0: Sac Bunt to 3S - play at first, batter OUT! 3-4 Alberto Carrasco to second
|
Batting: LHB Brandon Hopper
|
0-0: Called Strike 0-1: Foul Ball, location: 2F 0-2: Strikes out swinging
|
Batting: LHB Angel Tellez
|
0-0: Called Strike 0-1: Swinging Strike 0-2: Ball 1-2: Ball 2-2: Foul Ball, location: 2F 2-2: Foul Ball, location: 2F 2-2: Strikes out swinging
|
Top of the 7th over - 0 runs, 1 hit, 0 errors, 1 left on base; Chicago (WIN) 4 - Miami (WIN) 2 |
BOTTOM OF THE 7TH |
Miami (WIN) Marlins batting - Pitching for Chicago (WIN) White Sox : RHP Graham Fish
|
Batting: LHB Chris Jonas
|
0-0: Ball 1-0: Ball 2-0: Ball 3-0: Called Strike 3-1: Foul Ball, location: 2F 3-2: Ground out 4-3 (Groundball, 4, EV 96.9 MPH)
|
Batting: RHB Ryuki Ogasawara
|
0-0: Foul Ball, location: 2F 0-1: Ground out 6-3 (Groundball, 6, EV 81.3 MPH)
|
Batting: LHB Adrian Young
|
0-0: Called Strike 0-1: Ball 1-1: Ball 2-1: Swinging Strike 2-2: Strikes out swinging, 2-3 out at first.
|
Bottom of the 7th over - 0 runs, 0 hits, 0 errors, 0 left on base; Chicago (WIN) 4 - Miami (WIN) 2 |
TOP OF THE 8TH |
Chicago (WIN) White Sox batting - Pitching for Miami (WIN) Marlins : LHP Jerry Woods
|
Pitching: RHP Matt Murray
|
|
Batting: RHB Dieter Knoops
|
0-0: Called Strike 0-1: Called Strike 0-2: Foul Ball, location: 2F 0-2: DOUBLE (Line Drive, 3D, EV 103.8 MPH)
|
Batting: LHB Ryan Dyal
|
0-0: Called Strike 0-1: Ball 1-1: Called Strike 1-2: Ball 2-2: Strikes out swinging
|
Batting: RHB Micah Brown
|
0-0: Ball 1-0: Called Strike 1-1: Called Strike 1-2: Ball 2-2: Ball 3-2: Base on Balls
|
Batting: LHB Ryan Karg
|
0-0: Ball 1-0: Foul Ball, location: 2F 1-1: Ball Micah Brown is caught stealing 2nd base 2-6 Dieter Knoops steals 3rd base 2-1: Fly out, F8 (Flyball, 8RD, EV 98.1 MPH)
|
Top of the 8th over - 0 runs, 1 hit, 0 errors, 1 left on base; Chicago (WIN) 4 - Miami (WIN) 2 |
BOTTOM OF THE 8TH |
Miami (WIN) Marlins batting - Pitching for Chicago (WIN) White Sox : RHP Graham Fish
|
Batting: RHB Kyle Ashton
|
0-0: Ball 1-0: Ball 2-0: Foul Ball, location: 2F 2-1: Called Strike 2-2: Strikes out swinging
|
Pitching: LHP Craig Poor
|
|
Batting: LHB Emilio Cordero
|
0-0: Fly out, F5 (Popup, 5SF, EV 75.6 MPH)
|
Pitching: RHP Mario Zarate
|
|
Batting: RHB Gavin Helton
|
0-0: SINGLE (Groundball, 6MS, EV 68.1 MPH) (infield hit)
|
Batting: RHB Mike Gar
|
0-0: Foul Ball, location: 2F 0-1: Ball 1-1: Called Strike 1-2: Foul Ball, location: 2F 1-2: Ball 2-2: Foul Ball, location: 2F 2-2: Strikes out swinging
|
Bottom of the 8th over - 0 runs, 1 hit, 0 errors, 1 left on base; Chicago (WIN) 4 - Miami (WIN) 2 |
TOP OF THE 9TH |
Chicago (WIN) White Sox batting - Pitching for Miami (WIN) Marlins : RHP Matt Murray
|
Pitching: LHP Geoff Goss
|
|
Batting: RHB Tony Reyna
|
0-0: Ball 1-0: Ball 2-0: Ball 3-0: Base on Balls
|
Batting: LHB Alberto Carrasco
|
0-0: Called Strike 0-1: Called Strike 0-2: Fielders Choice at 2nd, 6-4 (Groundball, 6S, EV 91.3 MPH)
|
Batting: RHB Jeremy Hoffert
|
0-0: Ball 1-0: Called Strike 1-1: Ball 2-1: SINGLE (Flyball, 56D, EV 93.8 MPH) Alberto Carrasco to second
|
Batting: LHB Brandon Hopper
|
0-0: Swinging Strike 0-1: Ball 1-1: Foul Ball, location: 2F 1-2: Foul Ball, location: 2F 1-2: Strikes out swinging
|
Batting: LHB Angel Tellez
|
0-0: Ball 1-0: Ball 2-0: Ball 3-0: Called Strike 3-1: Foul Ball, location: 2F 3-2: Base on Balls Alberto Carrasco to third Jeremy Hoffert to second
|
Batting: RHB Dieter Knoops
|
0-0: Ball 1-0: Ball 2-0: Ball 3-0: Called Strike 3-1: Ground out 4-3 (Groundball, 4S, EV 63.8 MPH)
|
Top of the 9th over - 0 runs, 1 hit, 0 errors, 3 left on base; Chicago (WIN) 4 - Miami (WIN) 2 |
BOTTOM OF THE 9TH |
Miami (WIN) Marlins batting - Pitching for Chicago (WIN) White Sox : RHP Mario Zarate
|
Pitching: RHP Jesus Griego
|
|
Now at 1B: Sharafat Khanum
|
|
Batting: RHB Akira Suzuki
|
0-0: Swinging Strike 0-1: Ball 1-1: Ground out U3 (Groundball, 34, EV 98.1 MPH)
|
Batting: RHB Rick Fell
|
0-0: Called Strike 0-1: Ball 1-1: Fly out, F6 (Flyball, 5D, EV 82.5 MPH)
|
Batting: LHB Chris Jonas
|
0-0: Ground out 4-3 (Groundball, 4, EV 88.1 MPH)
|
Bottom of the 9th over - 0 runs, 0 hits, 0 errors, 0 left on base; Chicago (WIN) 4 - Miami (WIN) 2 |
|